 Dungeon Crawl Stone Soup version 0.28-b1-25-g9875b3fc8c (webtiles) character file.

Game seed: 1625395241444000741

12641 MisterFreud the Basher (level 11, -8/153 HPs)
             Began as a Troll Berserker on Feb 1, 2022.
             Was an Elder of Trog.
             Mangled by a sun demon (10 damage)
             ... summoned by a kobold demonologist
             ... on level 12 of the Dungeon.
             The game lasted 00:12:56 (9520 turns).

MisterFreud the Basher (Troll Berserker)            Turns: 9520, Time: 00:12:57

Health: -8/153     AC:  8    Str: 27    XL:     11   Next: 65%
Magic:  10/10      EV: 12    Int:  5    God:    Trog [****..]
Gold:   694        SH:  0    Dex: 17    Spells: 10/10 levels left

rFire   . . .      SeeInvis .   y - +0 giant spiked club (protect)
rCold   . . .      Faith    .   (shield currently unavailable)
rNeg    . . .      Spirit   .   b - +1 animal skin
rPois   .          Reflect  .   (helmet restricted)
rElec   .          Harm     .   (no cloak)
rCorr   .          Rampage  .   (gloves unavailable)
Will    .....                   (boots unavailable)
Stlth   ..........              m - amulet of the acrobat
HPRegen 1.15/turn               u - +4 ring of protection
MPRegen 0.12/turn               k - +6 ring of dexterity

@: berserking, corroded, under a protective aura, very quick
A: large, unfitting armour, claws 3, regeneration 1, shaggy fur 1, tough skin 1
a: Renounce Religion, Berserk, Trog's Hand, Brothers in Arms


You were on level 12 of the Dungeon.
You worshipped Trog.
Trog was greatly pleased with you.
You visited 1 branch of the dungeon, and saw 12 of its levels.

You collected 694 gold pieces.

Inventory:

Hand Weapons
 a - a +0 mace
 y - a +0 giant spiked club of protection (weapon)
Missiles
 f - 3 boomerangs of dispersal
 g - 6 curare-tipped darts
 r - 16 boomerangs (quivered)
 s - 4 poisoned darts
 v - 5 silver javelins
 C - 3 throwing nets
 E - 7 large rocks
Armour
 b - a +1 animal skin (worn)
Jewellery
 k - a +6 ring of dexterity (right claw)
 m - an amulet of the acrobat (around neck)
 q - a ring of protection from fire
 u - a +4 ring of protection (left claw)
Wands
 t - a wand of acid (18)
 w - a wand of mindburst (15)
 z - a wand of flame (26)
 B - a wand of iceblast (10)
Scrolls
 c - 5 scrolls of teleportation
 d - 5 scrolls of identify
 h - a scroll of blinking
 l - 2 scrolls of immolation
 n - 2 scrolls of amnesia
 x - 3 scrolls of brand weapon
 A - a scroll of fog
Potions
 e - a potion of attraction
 i - a potion of ambrosia
 j - 2 potions of brilliance
 o - a potion of cancellation
 p - 3 potions of magic
 D - a potion of resistance


   Skills:
 - Level 5.0 Fighting
 + Level 13.4 Maces & Flails
 + Level 8.8 Throwing
 - Level 5.0 Dodging


You had 10 spell levels left.
You didn't know any spells.
Your spell library was empty.

Dungeon Overview and Level Annotations

Branches:
Dungeon (12/15)            Temple (0/1) D:6            Lair (0/6) D:8
    Orc: D:9-12

Altars:
Cheibriados
Dithmenos
Fedhas
Hepliaklqana
Nemelex Xobeh
Okawaru
Qazlal
Uskayaw
Vehumet
Xom
Yredelemnul
Zin
The Shining One

Shops:
D:5 *   D:10 (

Annotations:
D:5 1 runed translucent door
D:8 2 transporters, UpsideDownChuck's ghost, novice HaBr
D:12 Nergalle


Innate Abilities, Weirdness & Mutations

You are too large for most types of armour.
You have claws for hands.
Your natural rate of healing is unusually fast.
You are covered in fur. (AC +1)
You have tough skin. (AC +1)


Message History

The sun demon is moderately wounded.
A kobold demonologist comes into view. It is wielding a +1 dagger of venom.
The sun demon hits you but does no damage.
The rust devil hits you. The rust devil corrodes you!
The kobold demonologist hits you with a +0 dagger.
Unknown command.
A red film seems to cover your vision as you go berserk!
You feel yourself moving faster!
You feel mighty!
The kobold demonologist shouts!
The sun demon barely misses you.
The kobold demonologist mumbles some strange words.
The rust devil barely misses you.
The kobold demonologist hits you but does no damage.
You sock the kobold demonologist!
The kobold demonologist is lightly wounded.
The sun demon hits you.
You are engulfed in flames!
The kobold demonologist mumbles some strange words.
The rust devil hits you. The rust devil corrodes you!
You closely miss the kobold demonologist.
The kobold demonologist is lightly wounded.
The sun demon hits you!
You are engulfed in flames!
The kobold demonologist gestures wildly while chanting.
Nergalle gestures at you while chanting.
Orcish apparitions take form around you.
Unknown command.
You closely miss the kobold demonologist.
The kobold demonologist is lightly wounded.
The sun demon hits you!!
* * * LOW HITPOINT WARNING * * *
You are engulfed in flames!
* * * LOW HITPOINT WARNING * * *
The rust devil closely misses you.
The white imp shouts, "Go and return not, thou odious dismal-dreaming flirt-gill!"
The kobold demonologist misses you.
You closely miss the kobold demonologist.
The kobold demonologist is lightly wounded.
The sun demon hits you!!
* * * LOW HITPOINT WARNING * * *
You are engulfed in flames!
You die...

..≈≈ .. #.≈≈ #. ...
#..##. #§ ...
#....####§≈§ ...
#....5≈≈§≈≈. ...
#.Z.K....... ...
#...4KoK3... ...
#...@3K5..5.
...##########..Z#####5#.
...<............#
................#
..............:.+
#################


You could see Nergalle, 2 sun demons, a rust devil (summoned), a spectral orc
warrior (summoned), a spectral orc knight (summoned), 2 kobold demonologists, a
kobold brigand, a quasit (summoned), 3 white imps and a kobold.

Vanquished Creatures
  Harold (D:8)
  2 two-headed ogres
  A hydra (D:11)
  Erica (D:9)
  Pikel (D:8)
  2 cyclopes
  An unseen horror (D:11)
  A troll (D:11)
  6 slime creatures
  Prince Ribbit (D:9)
  A wraith (D:9)
  A vampire (D:10)
  3 wyverns
  13 yaks
  Eustachio (D:6)
  Edmund (D:6)
  6 vampire mosquitoes
  Menkaure (D:6)
  Duvessa (D:7)
  A hornet zombie (D:9)
  3 ice beasts
  A necrophage (D:4)
  3 ogres
  3 centaurs
  A bullfrog (D:8)
  2 gnoll sergeants
  A wyvern zombie (D:7)
  A scorpion (D:4)
  3 water moccasin zombies
  Dowan (D:7)
  4 killer bees (D:5)
  A howler monkey (D:6)
  A centaur zombie (D:7)
  2 jellies
  5 orc priests
  5 hounds
  A bullfrog zombie (D:6)
  A centaur skeleton (D:5)
  A bullfrog skeleton (D:6)
  A gnoll shaman (D:4)
  3 iguanas
  10 orc wizards
  Robin (D:4)
  16 gnolls
  2 adders
  A shadow imp (D:7)
  A white imp (D:5)
  An adder skeleton (D:3)
  A worm (D:5)
  A dart slug (D:1)
  32 orcs
  6 bats
  4 endoplasms
  2 giant cockroaches
  16 goblins
  7 hobgoblins
  3 jackals (D:4)
  5 quokkas
  4 ball pythons
  A frilled lizard (D:2)
  10 kobolds
  4 rats
  A spectral orc (D:9)
219 creatures vanquished.

Vanquished Creatures (others)
  An orc wizard (D:2)
1 creature vanquished.

Grand Total: 220 creatures vanquished

Notes
Turn   | Place    | Note
-------+----------+-------------------------------------------
     0 | D:1      | MisterFreud the Troll Berserker began the quest for the
                  | Orb.
     0 | D:1      | Reached XP level 1. HP: 22/22 MP: 0/0
   138 | D:1      | Reached skill level 3 in Maces & Flails
   449 | D:1      | Reached XP level 2. HP: 29/29 MP: 1/1
   928 | D:2      | Reached XP level 3. HP: 20/36 MP: 2/2
   952 | D:2      | Reached skill level 4 in Maces & Flails
   972 | D:2      | Reached ** piety under Trog
  1240 | D:2      | Reached XP level 4. HP: 42/44 MP: 3/3
  1317 | D:2      | Found a faded altar of an unknown god.
  1508 | D:3      | Reached skill level 5 in Maces & Flails
  1508 | D:3      | Reached XP level 5. HP: 37/50 MP: 4/4
  2013 | D:4      | Noticed an ogre
  2021 | D:4      | Killed an ogre
  2022 | D:4      | Reached skill level 6 in Maces & Flails
  2089 | D:4      | Reached XP level 6. HP: 59/59 MP: 5/5
  2298 | D:4      | Noticed an ice beast
  2324 | D:4      | Killed an ice beast
  2325 | D:4      | Reached skill level 7 in Maces & Flails
  2387 | D:4      | Reached XP level 7. HP: 66/66 MP: 6/6
  2471 | D:4      | Noticed Robin
  2494 | D:4      | Killed Robin
  2501 | D:4      | Reached *** piety under Trog
  2949 | D:5      | Entered Level 5 of the Dungeon
  2957 | D:5      | Found an iron altar of Okawaru.
  2985 | D:5      | Reached skill level 8 in Maces & Flails
  3040 | D:5      | Found a blossoming altar of Fedhas.
  3237 | D:5      | Found a sparkling altar of Nemelex Xobeh.
  3267 | D:5      | Found Zin's Purification Station.
  3270 | D:5      | Found a glowing silver altar of Zin.
  3378 | D:5      | Found a runed translucent door.
  3378 | D:5      | Noticed a human
  3380 | D:5      | Found a basalt altar of Yredelemnul.
  3534 | D:5      | Reached XP level 8. HP: 69/75 MP: 7/7
  3694 | D:5      | Found a large runed translucent door.
  3695 | D:5      | Found a large runed translucent door.
  3769 | D:5      | Found a glowing golden altar of the Shining One.
  3785 | D:5      | Found a stormy altar of Qazlal.
  3862 | D:6      | Found a radiant altar of Vehumet.
  3984 | D:6      | Noticed Edmund
  4003 | D:6      | Killed Edmund
  4077 | D:6      | HP: 2/79 [orc (5)]
  4109 | D:6      | Noticed Eustachio
  4117 | D:6      | Killed Eustachio
  4118 | D:6      | Reached skill level 5 in Fighting
  4118 | D:6      | Reached skill level 5 in Dodging
  4194 | D:6      | Reached skill level 1 in Throwing
  4217 | D:6      | Reached **** piety under Trog
  4483 | D:6      | Found a staircase to the Ecumenical Temple.
  4529 | D:6      | Found a snail-covered altar of Cheibriados.
  4570 | D:6      | Noticed Menkaure
  4574 | D:6      | Killed Menkaure
  4575 | D:6      | Reached XP level 9. HP: 88/88 MP: 8/8
  4680 | D:7      | Noticed Duvessa
  4684 | D:7      | Noticed Dowan
  4689 | D:7      | Killed Duvessa
  4694 | D:7      | Killed Dowan
  4767 | D:7      | You fall into a shaft and drop 3 floors!
  4767 | D:10     | Entered Level 10 of the Dungeon
  4852 | D:10     | Noticed a two-headed ogre
  4860 | D:10     | Killed a two-headed ogre
  4861 | D:10     | Reached skill level 9 in Maces & Flails
  5136 | D:9      | Reached skill level 5 in Throwing
  5266 | D:9      | Reached skill level 10 in Maces & Flails
  5341 | D:9      | Reached XP level 10. HP: 83/96 MP: 9/9
  5410 | D:9      | Found a hide-covered altar of Uskayaw.
  5460 | D:9      | Noticed Erica
  5467 | D:9      | Killed Erica
  5518 | D:9      | Found a shadowy altar of Dithmenos.
  5603 | D:8      | Noticed Pikel
  5616 | D:8      | Killed Pikel
  5617 | D:8      | Reached skill level 11 in Maces & Flails
  5881 | D:7      | Found a shimmering altar of Xom.
  6707 | D:8      | Found a transporter.
  6730 | D:8      | Noticed a tengu warrior
  6813 | D:8      | Noticed Harold
  6821 | D:8      | Killed Harold
  6822 | D:8      | Reached skill level 12 in Maces & Flails
  6877 | D:8      | Found a transporter.
  6905 | D:8      | Found a staircase to the Lair.
  7031 | D:8      | Noticed a cyclops
  7047 | D:8      | Noticed UpsideDownChuck's ghost (novice HaBr)
  7177 | D:9      | Noticed Prince Ribbit
  7194 | D:9      | Killed Prince Ribbit
  7390 | D:9      | Reached XP level 11. HP: 78/102 MP: 10/10
  7632 | D:9      | Found a hazy altar of Hepliaklqana.
  8328 | D:10     | Found Boh Pifasets's Antique Weapon Shoppe.
  8495 | D:11     | Noticed a two-headed ogre
  8502 | D:11     | Killed a two-headed ogre
  8654 | D:11     | Reached skill level 13 in Maces & Flails
  8742 | D:11     | Noticed an eight-headed hydra
  8752 | D:11     | Killed an eight-headed hydra
  9512 | D:12     | Noticed a sun demon
  9514 | D:12     | Noticed Nergalle
  9517 | D:12     | Noticed a sun demon
  9520 | D:12     | HP: 2/153 [sun demon[a kobold demonologist] (25)]
  9520 | D:12     | Mangled by a sun demon

Illustrated notes

Levels and vault maps discovered:
D:1:      sevenhm_arrival_forest_fort_large_4, layout_basic, dk_noncrumbling_2,
          amcnicky_mini_rare_corridor_liquid, roderic_lattice_a
D:2:      layout_basic, hellmonk_ecumenical_altar_leap_of_faith
D:3:      layout_loops_cross
D:4:      layout_gridville, kennysheep_potato, uniq_robin
D:5:      layout_loops_ring, mainiacjoe_overflow_catwalk, dk_yredelemnul_ordeal,
          mainiacjoe_overflow_small_starburst, nemelex_diamond_rough_becter,
          zin_purify, jmf_multi_god_temple2, grunt_ministairs_3
D:6:      layout_cave_pools, mainiacjoe_overflow_six_doors_small,
          old_standard_altar, minmay_temple_entry_nine_rooms, uniq_eustachio,
          uniq_menkaure, uniq_edmund
D:7:      layout_layer_cave, kennysheep_mini, uniq_duvessa
D:8:      layout_basic, dpeg_oklobed_lair, nzn_ghost_randoct,
          grunt_decor_resistance, small_statue_intersection, uniq_harold,
          uniq_pikel
D:9:      layout_loops_ring, nicolae_dithmenos_shadow_blocks,
          nicolae_hepliaklqana_monster_ancestors, nicolae_uskayaw_dance_hall,
          uniq_prince_ribbit1, uniq_erica
D:10:     layout_loops_corners, serial_shops, shop
D:11:     layout_loops_corners
D:12:     layout_irregular_city, zombieorc1_lemuel, grunt_decor_junction,
          hangedman_abyss_or_decor_stagger, minmay_misc_feat_five,
          minmay_fractal_squares_diagonal_5, uniq_nergalle

Skill      XL: |  1  2  3  4  5  6  7  8  9 10 11 |
---------------+----------------------------------+-----
Maces & Flails | 3 4 5 6 7 8 10 12 13 | 13.4
Fighting       | 3 5 |  5.0
Dodging        | 3 5 |  5.0
Throwing       | 2 5 7 8 |  8.8

Action                   |  1- 3 |  4- 6 |  7- 9 | 10-12 || total
-------------------------+-------+-------+-------+-------++-------
Melee: Mace              |   104 |   142 |   217 |       ||   463
       Punch             |     1 |     1 |       |       ||     2
       Giant spiked club |       |       |   212 |   293 ||   505
Throw: Dart              |       |       |       |     4 ||     4
       Boomerang         |       |       |       |     3 ||     3
Invok: Berserk           |     1 |     4 |     6 |     4 ||    15
       Trog's Hand       |       |       |     3 |     1 ||     4
Evoke: Wand              |       |       |       |     1 ||     1
  Use: Potion            |     2 |       |     1 |       ||     3
       Scroll            |       |       |    14 |     4 ||    18
 Stab: Sleeping          |     1 |       |     1 |     2 ||     4
Armor: Animal skin       |    38 |    38 |   227 |   174 ||   477
Dodge: Dodged            |    57 |    83 |   343 |   220 ||   703
